 Dungeon Crawl Stone Soup version 0.17-a0-1020-ge683cc4 (webtiles) character file.

3117 Jine the Basher (level 10, -1/77 HPs)
             Began as a Human Fighter on May 13, 2015.
             Was a Priest of the Shining One.
             Succumbed to a black mamba's poison
             ... on level 8 of the Dungeon on May 15, 2015.
             The game lasted 00:30:54 (8533 turns).

Jine the Basher (Human Fighter)                     Turns: 8533, Time: 00:30:54

Health: -1/77      AC: 15    Str: 21    XL:     10   Next: 14%
Magic:  10/10      EV:  6    Int:  8    God:    the Shining One [***...]
Gold:   214        SH: 10    Dex: 12    Spells: 0 memorised, 9 levels left

rFire  . . .     SeeInvis .     k - +3 flail (holy)
rCold  . . .     Clarity  .     v - +2 chain mail
rNeg   + . .     SustAb   .     c - +0 shield
rPois  .         Gourm    .     t - +0 helmet
rElec  .         Spirit   .     p - +0 cloak
rCorr  .         Warding  .     (no gloves)
rMut   .         Stasis   .     (no boots)
MR     .....                    (no amulet)
Stlth  ..........               (no ring)
                                (no ring)

@: lethally poisoned (-1 -> -57), glowing, not resistant to hostile
enchantments, extremely unstealthy
A: no striking features
a: Divine Shield, Renounce Religion


You were on level 8 of the Dungeon.
You worshipped the Shining One.
The Shining One was most pleased with you.
You were not hungry.

You visited 1 branch of the dungeon, and saw 7 of its levels.

You collected 259 gold pieces.
You spent 45 gold pieces at shops.

Inventory:

Hand weapons
 a - a +0 war axe
 i - a +1 hand axe of electrocution
 k - a +3 flail of holy wrath (weapon)
 o - a +4 quarterstaff of chaos
 q - a +1 hammer
 s - a cursed +0 whip
 w - a +0 flail
 z - a cursed -2 shortbow
Missiles
 g - 6 exploding tomahawks (quivered)
 C - 51 arrows
Armour
 b - a +0 scale mail
 c - a +0 shield (worn)
 l - a +0 ring mail
 p - a +0 cloak (worn)
 t - a +0 helmet (worn)
 v - a +2 chain mail (worn)
 y - the +2 chain mail of Awe {Dex+4 Slay+2, unknown}
   (You found it on level 4 of the Dungeon)

   It affects your dexterity (+4).
   It affects your accuracy and damage with ranged weapons and melee attacks
   (+2).
 H - a +0 helmet
Magical devices
 m - a wand of flame (17)
 B - a wand of frost (18)
 O - a wand of magic darts (26)
Scrolls
 f - a scroll of teleportation
 j - a scroll of fog
 r - a scroll of immolation
 u - a scroll of noise
 E - a scroll of identify
 G - a scroll of enchant armour
 I - 2 scrolls of recharging
 M - a scroll of amnesia
Potions
 d - 2 potions of might
 e - a potion of agility {unknown}
 h - a potion of magic {unknown}
 n - a potion of flight {unknown}
 x - 4 potions of degeneration
 A - 2 potions of poison
 D - 2 potions of brilliance
 P - a potion of ambrosia {unknown}
Books
 K - an Akashic Record {highlevel, unknown}

   This book is beyond your current level of understanding.

   Spells                             Type                      Level
   a - Dispersal                      Translocation                6
   b - Controlled Blink               Translocation                7
   c - Malign Gateway                 Summoning/Translocation      7
   d - Disjunction                    Translocation                8
   e - Singularity                    Translocation                9
 L - a book of Burglary

   Spells                             Type                      Level
   a - Swiftness                      Charms/Air                   2
   b - Passwall                       Transmutation/Earth          3
   c - Passage of Golubria            Translocation                4
   d - Lee's Rapid Deconstruction     Earth                        5
   e - Invisibility                   Hexes                        6
   f - Darkness                       Hexes                        7
Comestibles
 N - 26 fruits


   Skills:
 + Level 6.6 Fighting
 - Level 2.9(5.9) Axes
 * Level 8.0(8.3) Maces & Flails
 + Level 6.9 Armour
 + Level 6.8 Shields


You had 9 spell levels left.
You didn't know any spells.

Dungeon Overview and Level Annotations

Branches:
Dungeon (8/15)             Temple (0/1) D:4            Lair (0/8) D:8

Altars:
Elyvilon
Yredelemnul
The Shining One

Shops:
D:8 *


Message History

The black mamba is heavily wounded.
You feel very sick. The black mamba bites you. x2
You are lethally poisoned!
The black mamba poisons you!
You barely miss the black mamba.
The black mamba is heavily wounded.
You feel very sick.
The black mamba bites you but does no damage.
The black mamba bites you.
* * * LOW HITPOINT WARNING * * *
You are more poisoned.
The black mamba poisons you!
* * * LOW HITPOINT WARNING * * *
You feel very sick. The black mamba bites you!
* * * LOW HITPOINT WARNING * * *
* * * LOW HITPOINT WARNING * * *
You feel very sick.
You die...

#.########....# #.#
#.)..## #.# #.#...## #.#
#.#....## #.#
#####.##....# #.#
#......##.... #.#
#.###...##... #.#
#....##.. ###@# #.
#.....##.
#...####.#####....##
#S####......###....#
#######.##....P.P.P.##...#
#.........P....P.P...#....
#.#####.#.P.P...PPP..#.#..
#.# #..P.P....PPPP...##.
#.# #.PPP.P####...P..###
#.#####......)..#P.....###


You could see a black mamba.

Vanquished Creatures
  A two-headed ogre (D:8)
  A yak (D:8)
  A deep elf fighter (D:8)
  A hippogriff (D:8)
  Edmund (D:4)
  2 orc warriors (D:8)
  A water moccasin (D:5)
  A sky beast (D:8)
  A black bear (D:8)
  An ice beast (D:6)
  A centaur (D:5)
  A crocodile (D:8)
  A big kobold (D:8)
  2 giant frogs (D:6)
  A water moccasin zombie (D:5)
  5 wights (D:8)
  A scorpion (D:5)
  4 crimson imps
  3 hounds
  A giant frog zombie (D:6)
  A jelly (D:8)
  3 orc priests
  4 orc wizards
  Crazy Yiuf (D:2)
  2 giant frog skeletons
  2 centaur skeletons
  Terence (D:2)
  5 worker ants
  An iguana (D:5)
  A hound zombie (D:8)
  Robin (D:2)
  8 adders
  3 gnolls (D:3)
  5 river rats (D:8)
  2 shadow imps (D:5)
  2 oozes
  2 adder skeletons
  2 worms (D:2)
  31 orcs
  20 bats
  3 bat skeletons
  17 goblins
  22 hobgoblins
  15 jackals
  14 kobolds
  5 quokkas
  2 giant cockroaches
  A giant gecko zombie (D:6)
  7 giant newts
  14 rats
  2 plants (D:3)
230 creatures vanquished.

Notes
Turn   | Place    | Note
--------------------------------------------------------------
     0 | D:1      | Jine the Human Fighter began the quest for the Orb.
     0 | D:1      | Reached XP level 1. HP: 18/18 MP: 1/1
   184 | D:1      | Reached XP level 2. HP: 20/24 MP: 2/2
   307 | D:1      | Upgraded the game from 0.17-a0-1007-gb2305a1 to 0.17-a0-1020-ge683cc4
   910 | D:2      | Noticed Crazy Yiuf
   920 | D:2      | Killed Crazy Yiuf
   920 | D:2      | Reached XP level 3. HP: 3/29 MP: 3/3
   920 | D:2      | Reached XP level 4. HP: 3/35 MP: 4/4
  1553 | D:2      | Noticed Terence
  1566 | D:2      | Noticed Robin
  1570 | D:2      | Killed Terence
  1570 | D:2      | Reached skill level 1 in Maces & Flails
  1570 | D:2      | Reached XP level 5. HP: 25/41 MP: 5/5
  1597 | D:2      | Killed Robin
  2755 | D:3      | Reached XP level 6. HP: 44/48 MP: 6/6
  2800 | D:3      | Reached skill level 4 in Armour
  3537 | D:4      | Got a pitted chain mail
  3783 | D:4      | Found a glowing golden altar of the Shining One.
  3789 | D:4      | Became a worshipper of the Shining One
  4083 | D:4      | Noticed Edmund
  4117 | D:4      | Killed Edmund
  4117 | D:4      | Reached XP level 7. HP: 42/55 MP: 7/7
  4562 | D:4      | Found a staircase to the Ecumenical Temple.
  5021 | D:5      | Entered Level 5 of the Dungeon
  5582 | D:5      | Reached XP level 8. HP: 52/61 MP: 8/8
  5746 | D:5      | Reached skill level 5 in Shields
  5835 | D:5      | Acquired the Shining One's first power
  5847 | D:5      | Reached skill level 5 in Armour
  5862 | D:5      | Reached skill level 5 in Fighting
  6427 | D:6      | Reached skill level 5 in Maces & Flails
  6852 | D:6      | You fall through a shaft for 2 floors!
  6866 | D:8      | Reached XP level 9. HP: 57/68 MP: 9/9
  6915 | D:8      | Reached skill level 6 in Maces & Flails
  6927 | D:8      | Acquired the Shining One's second power
  7163 | D:8      | Found a staircase to the Lair.
  7291 | D:8      | Reached skill level 7 in Maces & Flails
  7300 | D:8      | Found Himuroruqa's General Store.
  7304 | D:8      | Found a basalt altar of Yredelemnul.
  7363 | D:8      | Bought a potion of curing for 45 gold pieces
  7420 | D:8      | Noticed a two-headed ogre
  7434 | D:8      | Killed a two-headed ogre
  7789 | D:8      | Reached XP level 10. HP: 54/77 MP: 10/10
  7993 | D:8      | Found a white marble altar of Elyvilon.
  8439 | D:8      | Reached skill level 8 in Maces & Flails
  8521 | D:8      | Noticed a black mamba
  8533 | D:8      | Succumbed to a black mamba's poison

Vault maps used:
D:1:      minmay_arrival_jagged
D:2:      serial_undead, serial_undead_a, serial_undead_d, serial_undead_a,
          serial_undead_e, bh_walls_and_bars, uniq_terence,
          uniq_crazy_yiuf_cottage, uniq_robin
D:3:      serial_bayou, serial_bayou_pond_c, serial_bayou_pond_a,
          serial_bayou_lagoon_a, serial_bayou_crossing, first_bread
D:4:      kennysheep_mini, temple_green, uniq_edmund
D:6:      basic_altar, minmay_misc_feat_square
D:8:      elyvilon_altar_5, grunt_lair_entry_elf_guard_hut, serial_shops, shop,
          nrook_mini_backslash, blue_anna_alchemist, yredelemnul_altar_generic

Action                   |  1- 3 |  4- 6 |  7- 9 | 10-12 || total
-------------------------+-------+-------+-------+-------++-------
Melee: War axe           |    60 |       |       |       ||    60
       Hammer            |       |   501 |       |       ||   501
       Flail             |       |       |   397 |    80 ||   477
  Use: Scroll            |       |     7 |     9 |     1 ||    17
       Potion            |       |       |     4 |     2 ||     6
 Stab: Invisible         |     1 |       |       |       ||     1
  Eat: Bread ration      |       |     2 |     1 |     1 ||     4
       Meat ration       |       |     1 |       |       ||     1
       Pizza             |       |       |     2 |       ||     2
       Beef jerky        |       |       |     1 |       ||     1
       Fruit             |       |       |     1 |     1 ||     2
